 Dungeon Crawl Stone Soup version 0.29.1-2-gbd0b4ee654 (webtiles) character file.

Game seed: 16576931380619580277

833 raph the Cleaver (level 7, -5/59 HPs)
             Began as a Hill Orc Fighter on Oct 25, 2022.
             Was a Follower of Beogh.
             Slain by an ogre
             ... wielding a +0 giant spiked club
              (25 damage)
             ... on level 5 of the Dungeon.
             The game lasted 00:06:01 (3652 turns).

raph the Cleaver (Hill Orc Fighter)                 Turns: 3652, Time: 00:06:02

Health: -5/59      AC: 12    Str: 19    XL:     7   Next: 98%
Magic:  8/8        EV:  7    Int:  8    God:    Beogh [*.....]
Gold:   5          SH:  5    Dex: 12    Spells: 6/6 levels left

rFire   . . .      SeeInvis .   a - +0 war axe
rCold   . . .      Faith    .   c - +0 buckler
rNeg    . . .      Spirit   .   j - +0 chain mail
rPois   +          Reflect  .   (no helmet)
rElec   .          Harm     .   g - +1 cloak
rCorr   .          Rampage  .   (no gloves)
Will    .....                   e - +0 pair of boots
Stlth   ..........              n - amulet of regeneration
HPRegen 0.99/turn               p - ring of poison resistance
MPRegen 0.11/turn               b - ring of flight

@: flying
A: no striking features
a: Renounce Religion


You were on level 5 of the Dungeon.
You worshipped Beogh.
Beogh was aware of your devotion.
You visited 1 branch of the dungeon, and saw 5 of its levels.

You collected 167 gold pieces.
You spent 162 gold pieces at shops.

Inventory:

Hand Weapons
 a - a +0 war axe (weapon)
Missiles
 l - 5 boomerangs (quivered)
 o - 4 poisoned darts
 r - a throwing net
Armour
 c - a +0 buckler (worn)
 e - a +0 pair of boots (worn)
 g - a +1 cloak (worn)
 j - a +0 chain mail (worn)
Jewellery
 b - a ring of flight (right hand)
 n - an amulet of regeneration (around neck)
 p - a ring of poison resistance (left hand)
Scrolls
 s - 2 scrolls of teleportation
Potions
 d - a potion of might
 f - 2 potions of brilliance
 h - a potion of magic
 i - a potion of lignification {unknown}
 k - 2 potions of curing
 m - a potion of heal wounds
 q - 2 potions of attraction {unknown}


   Skills:
 + Level 4.1 Fighting
 + Level 10.4 Axes
 + Level 3.7 Armour
 + Level 1.1 Dodging
 + Level 3.8 Shields
 + Level 1.8 Invocations


You had 6 spell levels left.
You didn't know any spells.
Your spell library contained the following spells:

 Spells                   Type           Power      Damage    Failure   Level
 Slow                     Hex            0%         N/A       100%        1
 Confusing Touch          Hex            0%         N/A       100%        3
 Summon Guardian Golem    Hex/Summ       0%         N/A       100%        3
 Vampiric Draining        Necr           0%         2d6       100%        3
 Passage of Golubria      Tloc           0%         N/A       100%        4
 Silence                  Hex/Air        0%         N/A       100%        5
 Orb of Destruction       Conj           0%         9d5       100%        7
 Spellforged Servitor     Conj/Summ      0%         N/A       100%        7
 Lehudib's Crystal Spear  Conj/Erth      0%         10d2      100%        8


Dungeon Overview and Level Annotations

Branches:
Dungeon (5/15)
 Temple: D:4-7

Altars:
Hepliaklqana
Qazlal

Shops:
D:3 *


Message History

The worm is almost dead.
The worm bites you but does no damage.
You slash the worm!
You kill the worm!
Beogh accepts your kill.
No target in view!
Search for what [? for help]? or Search for what [Enter for "or", or ? for help]? armor You see here a worm corpse.
You see here a worm corpse.
An adder comes into view.
The adder hisses angrily.
An adder is nearby!
An ogre comes into view. It is wielding a +0 giant spiked club.
The ogre shouts!
You barely miss the adder. You block the adder's attack.
You closely miss the adder. The adder closely misses you.
You block the adder's attack.
You barely miss the adder. You block the adder's attack.
You miss the adder. You block the adder's attack.
You barely miss the ogre. You closely miss the adder.
The adder barely misses you.
The ogre hits you with a +0 giant spiked club!
You slash the ogre!
The ogre is heavily wounded.
You barely miss the adder. You block the adder's attack.
The adder barely misses you.
You slash the ogre!
The ogre is severely wounded.
You hit the adder.
The ogre hits you with a +0 giant spiked club!!
The adder bites you but does no damage.
You are too injured to fight recklessly!
You are too injured to fight recklessly!
You are too injured to fight recklessly!
You are too injured to fight recklessly!
You are too injured to fight recklessly!
The ogre attacks as you move away!
The ogre hits you with a +0 giant spiked club!!
You die...

#.##........#
#)####.#....#
#.#..#.#....#
#.#..#......#
#.#.......#.# ####
#.#..#....#.#
...###########.#.......#
#
...............#.#.....#
...#############@##.#..#
................SO..#..#
...#############.#######
........ ... ...##.#.
.#. ...# # #. .. .### ..
.. .# #. ... .#


You could see an ogre and an adder.

Vanquished Creatures
  Sigmund (D:3)
  Eustachio (D:4)
  A gnoll sergeant (D:4)
  2 scorpions (D:5)
  A jelly (D:4)
  A hound (D:4)
  An iguana (D:5)
  Jessica (D:2)
  Natasha (thrice) (D:2)
  7 gnolls
  3 adders
  4 worms
  2 orcs (D:4)
  10 ball pythons
  6 bats
  5 endoplasms
  3 giant cockroaches
  7 goblins
  6 hobgoblins
  3 kobolds
  5 quokkas
  2 frilled lizards
  2 rats
77 creatures vanquished.

Vanquished Creatures (others)
  An orc (D:3)
  2 plants (D:3)
3 creatures vanquished.

Grand Total: 80 creatures vanquished

Notes
Turn   | Place    | Note
-------+----------+-------------------------------------------
     0 | D:1      | raph the Hill Orc Fighter began the quest for the Orb.
     0 | D:1      | Reached XP level 1. HP: 19/19 MP: 1/1
    26 | D:1      | Reached skill level 3 in Axes
   116 | D:1      | Reached XP level 2. HP: 26/26 MP: 2/2
   186 | D:1      | Reached skill level 4 in Axes
   786 | D:2      | Reached XP level 3. HP: 30/31 MP: 3/3
   849 | D:2      | Found a faded altar of an unknown god.
   897 | D:2      | Noticed Natasha
   901 | D:2      | Killed Natasha
   902 | D:2      | Reached skill level 5 in Axes
   902 | D:2      | Reached XP level 4. HP: 29/39 MP: 4/4
  1005 | D:2      | Noticed Natasha
  1011 | D:2      | Killed Natasha
  1012 | D:2      | Reached skill level 6 in Axes
  1016 | D:2      | Noticed Natasha
  1023 | D:2      | Killed Natasha
  1081 | D:2      | Reached XP level 5. HP: 43/45 MP: 5/5
  1309 | D:2      | Noticed Jessica
  1315 | D:2      | Killed Jessica
  1316 | D:2      | Reached skill level 7 in Axes
  1889 | D:3      | Found Jiext's Assorted Antiques.
  1906 | D:3      | Bought a scroll labelled XEUSOC EDIO for 18 gold pieces
  1940 | D:3      | Became a worshipper of Beogh the Brigand
  2159 | D:3      | Noticed Sigmund
  2177 | D:3      | Killed Sigmund
  2178 | D:3      | Reached skill level 8 in Axes
  2178 | D:3      | Reached XP level 6. HP: 51/51 MP: 6/6
  2429 | D:3      | Found a hazy altar of Hepliaklqana.
  2563 | D:3      | Bought an onyx ring for 90 gold pieces
  2582 | D:4      | Reached skill level 9 in Axes
  2767 | D:4      | Noticed Eustachio
  2792 | D:4      | Killed Eustachio
  2793 | D:4      | Reached skill level 10 in Axes
  2793 | D:4      | Reached XP level 7. HP: 57/57 MP: 7/7
  3049 | D:4      | Found a stormy altar of Qazlal.
  3174 | D:3      | Reached * piety under Beogh
  3327 | D:4      | Reached skill level 1 in Invocations
  3475 | D:3      | Bought 3 scrolls labelled PUQUYK UTOKI for 54 gold pieces
  3513 | D:5      | Entered Level 5 of the Dungeon
  3567 | D:5      | Reached skill level 1 in Dodging
  3652 | D:5      | Slain by an ogre

Illustrated notes

Levels and vault maps discovered:
D:1:      dpeg_arrival_lava_temple_mockup, layout_rooms, nrook_campfire
D:2:      layout_basic, shapermc_ecumenical_altar_mp_ritualfount, uniq_natasha,
          uniq_jessica
D:3:      layout_basic, worldfamousw_hep_ancestral_shrine, serial_shops,
          nicolae_shop_overgrown_old_shop, chequers_serial_rivers_micro_b,
          chequers_serial_rivers_small_3, minmay_misc_feat_ornament,
          uniq_sigmund
D:4:      layout_cave_pools, general_overflow_altar, uniq_eustachio
D:5:      layout_basic, mainiacjoe_overflow_concentric_impassable, uniq_duvessa,
          uniq_edmund

Skill      XL: |  1  2  3  4  5  6  7 |
---------------+----------------------+-----
Axes           | 3 4 5 6 8 10 | 10.4
Invocations    | 1 |  1.8
Fighting       | 4 |  4.1
Dodging        | 1 |  1.1
Armour         | |  3.7
Shields        | |  3.8

Action                   |  1- 3 |  4- 6 |  7- 9 || total
-------------------------+-------+-------+-------++-------
Melee: War axe           |    54 |   116 |    72 ||   242
Throw: Boomerang         |       |    14 |     3 ||    17
Invok: Convert to Beogh  |       |     1 |       ||     1
  Use: Scroll            |       |     7 |     1 ||     8
Armor: Scale mail        |    14 |       |       ||    14
       Chain mail        |     7 |    74 |    34 ||   115
Dodge: Dodged            |    17 |    36 |    25 ||    78
Block: Buckler           |    12 |    19 |    13 ||    44
